 Dungeon Crawl Stone Soup version 0.27-a0-249-g74f53ef629 (webtiles) character file.

Game seed: 4570308480894013877

3885 Klosterheim the Destroyer (level 10, -9/81 HPs)
             Began as a Yellow Draconian Conjurer on Feb 3, 2021.
             Was a Priest of Dithmenos.
             Mangled by Snorg (18 damage)
             ... on level 10 of the Dungeon.
             The game lasted 01:14:26 (14880 turns).

Klosterheim the Destroyer (DrCj)                   Turns: 14880, Time: 01:14:27

Health: -9/81      AC: 22    Str:  9    XL:     10   Next: 0%
Magic:  2/16       EV: 16    Int: 32    God:    Dithmenos [***...]
Gold:   1724       SH:  4    Dex: 10    Spells: 6/17 levels left

rFire    . . .     SeeInvis .   w - +6 dagger "Notonon" {protect, rC+ Int+10}
rCold    + . .     Faith    +   x - +0 buckler
rNeg     . . .     Spirit   .   (armour unavailable)
rPois    .         Reflect  .   (helmet restricted)
rElec    .         Harm     .   l - +0 cloak
rCorr    +         Rampage  .   n - +2 pair of gloves
Will     .....                  (no boots)
Stlth    +++.......             t - amulet of faith
HPRegen  0.23/turn              r - +4 ring of evasion
MPRegen  0.15/turn              c - +4 ring of protection

@: about to teleport, protection aura, wreathed by umbra
A: spit acid, unfitting armour, cold-blooded, acid resistance, AC +7
a: Breathe Acid, Renounce Religion, Shadow Step


You were on level 10 of the Dungeon.
You worshipped Dithmenos.
Dithmenos was most pleased with you.
You visited 2 branches of the dungeon, and saw 11 of its levels.
You also visited: Bailey.

You collected 1984 gold pieces.
You spent 260 gold pieces at shops.

Inventory:

Hand Weapons
 w - the +6 dagger "Notonon" (weapon) {protect, rC+ Int+10}
   (You found it on level 6 of the Dungeon)

   It grants its wielder temporary protection when it strikes (+7 to AC).
   It affects your intelligence (+10).
   It protects you from cold.
Armour
 l - a +0 cloak (worn)
 n - a +2 pair of gloves (worn)
 x - a +0 buckler (worn)
Jewellery
 c - a +4 ring of protection (right hand)
 g - an uncursed ring of poison resistance
 r - a +4 ring of evasion (left hand)
 t - an amulet of faith (around neck)
Wands
 v - a wand of flame (15)
Scrolls
 f - 5 scrolls of remove curse
 i - 3 scrolls of enchant armour
 m - 2 scrolls of identify
 o - a scroll of fog
 u - a scroll of magic mapping
Potions
 b - 6 potions of heal wounds
 d - a potion of mutation {unknown}
 e - a potion of haste
 h - a potion of berserk rage
 j - a potion of might
 k - a potion of magic {unknown}
 p - 6 potions of curing
 q - 5 potions of attraction
 s - 3 potions of lignification


   Skills:
 - Level 5.0 Fighting
 - Level 7.0 Short Blades
 - Level 3.0 Dodging
 - Level 3.0 Stealth
 - Level 4.0 Shields
 - Level 4.0 Spellcasting
 + Level 10.0 Conjurations
 - Level 1.0 Air Magic
 - Level 1.0 Poison Magic
 - Level 1.0 Invocations


You had 6 spell levels left.
You knew the following spells:

 Your Spells              Type           Power        Failure   Level
a - Magic Dart            Conj           100%         1%          1
b - Searing Ray           Conj           100%         1%          2
c - Beastly Appendage     Tmut           12%          5%          1
d - Wereblood             Tmut           6%           9%          2
e - Poisonous Vapours     Pois/Air       24%          5%          2
f - Mephitic Cloud        Conj/Pois/Air  32%          3%          3

Your spell library contained the following spells:

 Spells                   Type           Power        Failure   Level
 Conjure Flame            Conj/Fire      38%          2%          3
 Dazzling Flash           Conj/Hex       76%          2%          3
 Stone Arrow              Conj/Erth      76%          2%          3
 Sting                    Tmut/Pois      36%          4%          1
 Sandblast                Erth           12%          5%          1
 Fulminant Prism          Conj/Hex       19%          7%          4
 Iskenderun's Mystic Bla  Conj/Tloc      38%          7%          4
 Blink                    Tloc           N/A          9%          2
 Call Imp                 Summ           6%           9%          2
 Passwall                 Tmut/Erth      5%           9%          2
 Slow                     Hex            6%           9%          2
 Spider Form              Tmut/Pois      4%           14%         3
 Ignite Poison            Fire/Tmut/Pois 8%           16%         3
 Olgreb's Toxic Radiance  Pois           12%          36%         4
 Ice Form                 Ice/Tmut       6%           50%         4
 Petrify                  Tmut/Erth      6%           50%         4
 Blade Hands              Tmut           3%           83%         5
 Lee's Rapid Deconstruct  Erth           3%           83%         5


Dungeon Overview and Level Annotations

Branches:
Dungeon (10/15)            Temple (1/1) D:5          Bailey (visited)
   Lair: D:8-11         Orc: D:9-12

Altars:
Ashenzari
Cheibriados
Dithmenos
Elyvilon
Fedhas
Gozag
Hepliaklqana
Kikubaaqudgha
Makhleb
Nemelex Xobeh
Okawaru
Qazlal
Ru
Sif Muna
Trog
Uskayaw
Vehumet
Wu Jian
Xom
Yredelemnul
Zin
The Shining One

Shops:
D:4 *   D:6 *   D:8 (

Annotations:
D:3 Grinder
D:10 Snorg, Urug


Innate Abilities, Weirdness & Mutations

You can spit globs of acid.
Your golden yellow scales are hard. (AC +7)
You cannot fit into any form of body armour.
You are cold-blooded and may be slowed by cold attacks.
You are resistant to acid. (rCorr)


Message History

You hit Snorg but do no damage.
Snorg is almost dead.
Snorg bites you but does no damage. Snorg claws you but does no damage. x2
You closely miss Snorg. You tail-slap Snorg.
Snorg is almost dead.
Snorg barely misses you. Snorg claws you but does no damage.
Snorg closely misses you.
You hit Snorg.
Snorg is almost dead.
Snorg barely misses you. Snorg claws you! Snorg barely misses you.
As you read the scroll of fear, it crumbles to dust.
You assume a fearsome visage.
Snorg bites you!
* * * LOW HITPOINT WARNING * * *
Snorg barely misses you. x2
As you read the scroll of teleportation, it crumbles to dust.
You feel strangely unstable. Snorg misses you. Snorg completely misses you.
Snorg claws you!
* * * LOW HITPOINT WARNING * * *
Snorg misses you. x2; Snorg claws you!!
You die...

*,**,,* #..................
*,**,,* #..######..........
*,**,.#####..# #..........
*,**,........# #...(......
*,**.........# #..........
*,*#.........# #..........
*,...........# #..........
*,..........T# #..........
*,..........@# #.......Z..
*,*#.>.......# #..........
*,*#........<######....(.....
*,*#.........................
*,*#........>..........c.....
*,*#.........................
*,*#..................(......
*,*#.........................
*,*#(........................


You could see Snorg (berserk, very poisoned).

Vanquished Creatures
  A two-headed ogre (D:8)
  An unseen horror (D:10)
  Joseph (D:8)
  Duvessa (D:4)
  A water moccasin (D:9)
  An orc warrior (Bailey)
  A necrophage (D:9)
  An ogre (D:6)
  A phantom (D:5)
  A bullfrog (D:9)
  A water moccasin skeleton (D:8)
  Dowan (D:4)
  A wyvern skeleton (D:10)
  4 killer bees
  A howler monkey (D:8)
  3 wights (D:7)
  A crimson imp (D:4)
  9 orc priests
  5 hounds
  2 centaur skeletons
  2 bullfrog skeletons
  A jelly (D:10)
  An iguana (D:6)
  7 orc wizards
  6 worker ants
  A hound skeleton (D:10)
  A worker ant zombie (D:8)
  4 adders
  19 gnolls
  2 shadow imps (D:5)
  2 white imps
  2 ufetubi
  An adder zombie (D:9)
  An adder skeleton (D:4)
  A worm (D:4)
  4 leopard geckos
  23 orcs
  4 bats
  2 giant cockroaches (D:1)
  6 goblins
  16 hobgoblins
  11 jackals
  14 kobolds
  3 quokkas
  2 frilled lizards
  A giant cockroach zombie (D:6)
  A goblin zombie (D:4)
  A hobgoblin zombie (D:4)
  A kobold skeleton (D:4)
  4 orc skeletons (D:4)
  3 orc zombies (D:4)
  3 rats
188 creatures vanquished.

Notes
Turn   | Place    | Note
-------+----------+-------------------------------------------
     0 | D:1      | Klosterheim the Draconian Conjurer began the quest for the
                  | Orb.
     0 | D:1      | Reached XP level 1. HP: 14/14 MP: 3/3
   407 | D:1      | Reached XP level 2. HP: 22/22 MP: 0/5
  1236 | D:2      | Reached skill level 1 in Fighting
  1484 | D:2      | Found a faded altar of an unknown god.
  3210 | D:3      | Found a bloodstained altar of Trog.
  3297 | D:3      | Noticed Grinder
  3741 | D:3      | Reached XP level 3. HP: 28/28 MP: 3/6
  4618 | D:3      | Paralysed by Grinder for 5 turns
  5262 | D:4      | Learned a level 2 spell: Searing Ray
  5423 | D:4      | Learned a level 1 spell: Beastly Appendage
  5426 | D:4      | Learned a level 2 spell: Wereblood
  5432 | D:4      | Reached skill level 1 in Short Blades
  5432 | D:4      | Reached XP level 4. HP: 35/35 MP: 1/8
  5590 | D:4      | Found a glowing golden altar of the Shining One.
  5741 | D:4      | Reached skill level 5 in Conjurations
  5741 | D:4      | Reached XP level 5. HP: 36/40 MP: 3/9
  5878 | D:4      | Found Atohiogu's General Store.
  5880 | D:4      | Noticed Duvessa
  6366 | D:5      | Entered Level 5 of the Dungeon
  6994 | D:5      | Found a staircase to the Ecumenical Temple.
  7042 | Temple   | Entered the Ecumenical Temple
  7097 | Temple   | Became a worshipper of Dithmenos the Shadowed
  7161 | D:5      | Noticed a phantom
  7173 | D:5      | Killed a phantom
  7174 | D:5      | Reached XP level 6. HP: 30/48 MP: 1/10
  7663 | D:5      | Reached skill level 6 in Conjurations
  8587 | D:6      | Your scales start taking on a golden yellow colour.
  8587 | D:6      | Reached XP level 7. HP: 49/56 MP: 11/11
  8587 | D:6      | Gained mutation: You are resistant to acid. (rCorr) [Yellow
                  | Draconian growth]
  8766 | D:6      | Found a sacrificial altar of Ru.
  8810 | D:6      | Reached skill level 5 in Short Blades
  9125 | D:6      | Reached skill level 1 in Invocations
  9238 | D:6      | Found Lgox's Luxury Loot.
  9464 | D:6      | Bought a potion of lignification for 36 gold pieces
 10120 | D:6      | Got a pitted dagger
 10121 | D:6      | Identified the +6 dagger "Notonon" {protect, rC+ Int+10}
                  | (You found it on level 6 of the Dungeon)
 10131 | D:6      | Learned a level 2 spell: Poisonous Vapours
 10135 | D:6      | Learned a level 3 spell: Mephitic Cloud
 10288 | D:4      | Noticed Dowan
 10296 | D:4      | Killed Duvessa
 10297 | D:4      | Reached skill level 7 in Conjurations
 10297 | D:4      | Reached XP level 8. HP: 63/63 MP: 2/12
 10300 | D:4      | Killed Dowan
 10395 | D:4      | Bought a scroll of fog for 28 gold pieces
 10395 | D:4      | Bought a scroll of teleportation for 42 gold pieces
 10395 | D:4      | Bought a scroll of fear for 49 gold pieces
 10395 | D:4      | Bought a scroll of blinking for 105 gold pieces
 10708 | D:7      | Found a stormy altar of Qazlal.
 10712 | D:7      | Found a glowing golden altar of the Shining One.
 10713 | D:7      | Found a hazy altar of Hepliaklqana.
 10713 | D:7      | Found a shimmering altar of Xom.
 10713 | D:7      | Found a glowing silver altar of Zin.
 10946 | D:8      | Noticed a fire dragon
 11043 | D:7      | Reached * piety under Dithmenos
 11071 | D:8      | Noticed a two-headed ogre
 11076 | D:8      | Reached skill level 8 in Conjurations
 11089 | D:8      | Killed a two-headed ogre
 11297 | D:8      | Found a shimmering blue altar of Sif Muna.
 11299 | D:8      | Found an opulent altar of Gozag.
 11299 | D:8      | Found a bloodstained altar of Trog.
 11394 | D:8      | Reached XP level 9. HP: 71/71 MP: 7/13
 11415 | D:8      | Reached skill level 1 in Air Magic
 11415 | D:8      | Reached skill level 1 in Poison Magic
 11447 | D:8      | Found Anomuimn's Antique Weapon Boutique.
 11584 | D:8      | Noticed Joseph
 12283 | D:9      | Found an ornate altar of the Wu Jian Council.
 12784 | D:8      | Killed Joseph
 12785 | D:8      | Reached skill level 5 in Fighting
 12883 | D:10     | Entered Level 10 of the Dungeon
 12934 | D:10     | Noticed Snorg
 12954 | D:10     | Reached ** piety under Dithmenos
 13011 | D:10     | Found a flagged portal.
 13018 | Bailey   | Entered a bailey
 13064 | Bailey   | Reached skill level 9 in Conjurations
 13278 | Bailey   | Reached *** piety under Dithmenos
 13603 | D:10     | Noticed Urug
 13611 | D:9      | Reached skill level 1 in Shields
 13865 | D:9      | Identified a scroll of acquirement
 13865 | D:9      | Acquired 1269 gold pieces
 13867 | D:9      | Upgraded the game from 0.27-a0-242-ge0fc76b88b to
                  | 0.27-a0-249-g74f53ef629
 14549 | D:10     | Killed an unseen horror
 14550 | D:10     | Reached skill level 10 in Conjurations
 14550 | D:10     | Reached XP level 10. HP: 33/81 MP: 16/16
 14880 | D:10     | Mangled by Snorg

Illustrated notes

Levels and vault maps discovered:
D:1:      lightli_arrival_boilingwater, layout_loops_corners, serial_glass,
          glass_columns_a, glass_columns_a, glass_columns_c, glass_columns_c,
          glass_columns_a
D:2:      layout_basic, chequers_ecumenical_altar_simple_redux
D:3:      layout_basic, trog_book, uniq_grinder
D:4:      layout_gridville, serial_shops, shop, nicolae_tso_besieged_by_evil,
          uniq_duvessa
D:5:      layout_loops_corners, temple_green
D:6:      layout_basic, nicolae_ru_awakened_eye, nicolae_alphabet_shops
D:7:      layout_rooms, grunt_temple_overflow_open
D:8:      layout_loops_ring, chequers_temple_overflow_statue_of_worship,
          minmay_lair_entry_lava, serial_shops, shop_fountains, uniq_joseph
D:9:      layout_loops_ring, basic_altar
D:10:     layout_long_grid, enter_bailey_4, kennysheep_nondescript, uniq_snorg,
          uniq_urug
Temple:   dshaligram_water_room_temple

Skill      XL: |  1  2  3  4  5  6  7  8  9 |
---------------+----------------------------+-----
Dodging        | 2 3 |  3.0
Stealth        | 2 3 |  3.0
Fighting       | 1 2 3 4 5 |  5.0
Spellcasting   | 3 4 |  4.0
Short Blades   | 1 2 4 5 7 |  7.0
Conjurations   | 5 6 7 8 10 | 10.0
Invocations    | 1 |  1.0
Air Magic      | 1 |  1.0
Poison Magic   | 1 |  1.0
Shields        | 4 |  4.0

Action                   |  1- 3 |  4- 6 |  7- 9 | 10-12 || total
-------------------------+-------+-------+-------+-------++-------
Melee: Unarmed           |    43 |       |       |       ||    43
       Tailslap          |     5 |     7 |    31 |     2 ||    45
       Dagger            |    40 |   109 |   312 |    18 ||   479
       Kick              |       |     3 |       |       ||     3
       Headbutt          |       |     1 |       |       ||     1
 Cast: Magic Dart        |    98 |    24 |    37 |       ||   159
       Searing Ray       |     1 |    14 |    21 |     1 ||    37
       Beastly Appendage |       |     2 |       |       ||     2
       Poisonous Vapours |       |       |    21 |     5 ||    26
       Mephitic Cloud    |       |       |     5 |     1 ||     6
 Abil: Breathe Acid      |       |       |     5 |       ||     5
  Use: Scroll            |     2 |     9 |    12 |     2 ||    25
       Potion            |       |       |     4 |       ||     4
 Stab: Sleeping          |     3 |     4 |     7 |       ||    14
       Confused          |       |       |     2 |       ||     2
       Distracted        |       |       |     1 |       ||     1
Armor: Skin              |    26 |    26 |   149 |    13 ||   214
Dodge: Dodged            |    57 |    69 |   188 |    32 ||   346
Block: Buckler           |       |       |    23 |     5 ||    28

Table legend: (Time is in decaauts)
 A = Elapsed time spent in this place.
 B = Non-inter-level travel time spent in this place.
 C = Inter-level travel time spent in this place.
 D = Time resting spent in this place.
 E = Time spent auto-exploring this place.
 F = Levels seen in this place.
 G = Mean time per level.
                   A        B        C        D        E       F      G
               +--------+--------+--------+--------+--------+-----+--------+
         Total |  14813 |  12356 |   2457 |   4724 |   5659 |  12 | 1234.4 |
       Dungeon |  14254 |  11830 |   2424 |   4525 |   5472 |  10 | 1425.4 |
        Temple |     82 |     49 |     33 |      0 |     47 |   1 |   82.0 |
        Bailey |    475 |    475 |      0 |    199 |    140 |   1 |  475.0 |
               +--------+--------+--------+--------+--------+-----+--------+

Top non-repeatable levels by time:
     D:5: 2012 daAuts
     D:3: 1997 daAuts
     D:2: 1733 daAuts
     D:4: 1683 daAuts
     D:1: 1459 daAuts
     D:9: 1431 daAuts
     D:6: 1369 daAuts
     D:7: 1167 daAuts
    D:10: 826 daAuts
     D:8: 573 daAuts
  Bailey: 475 daAuts
  Temple: 82 daAuts
